 Dungeon Crawl Stone Soup version 0.22-a0-542-gce4f928 (webtiles) character file.

1563 Firecrotchwizard the Grappler (level 8, 0/74 HPs)
             Began as a Troll Monk on June 24, 2018.
             Was a Believer of Wu Jian.
             Slain by Duvessa
             ... wielding a +2 short sword of holy wrath
              (3 damage)
             ... on level 6 of the Dungeon.
             The game lasted 00:09:47 (5429 turns).

Firecrotchwizard the Grappler (Troll Monk)          Turns: 5429, Time: 00:09:47

Health: 0/74       AC:  5    Str: 22    XL:     8   Next: 58%
Magic:  7/7        EV: 12    Int:  6    God:    Wu Jian [**....]
Gold:   339        SH:  0    Dex: 12    Spells: 7/7 levels left

rFire    . . .     SeeInvis .     - Unarmed
rCold    . . .     Gourm    +   (no shield)
rNeg     . . .     Faith    .   a - +0 robe
rPois    .         Spirit   .   (helmet restricted)
rElec    .         Reflect  .   (no cloak)
rCorr    +         Harm     .   (gloves unavailable)
MR       .....                  (boots unavailable)
Stlth    ++........             (no amulet)
HPRegen  0.62/turn              u - ring of resist corrosion
MPRegen  0.10/turn              (no ring)

@: no status effects
A: large, unfitting armour, claws 3, fast metabolism 3, gourmand, regeneration
1, shaggy fur 1, tough skin 2
a: Wall Jump, Renounce Religion


You were on level 6 of the Dungeon.
You worshipped Wu Jian.
Wu Jian was pleased with you.
You were full.

You visited 2 branches of the dungeon, and saw 7 of its levels.

You collected 339 gold pieces.

Inventory:

Missiles
 h - a throwing net {=f, !d}
Armour
 a - a +0 robe (worn)
 w - a cursed +0 shield
   (You found it on level 5 of the Dungeon)
Jewellery
 u - a ring of resist corrosion (left claw)
   (You found it on level 5 of the Dungeon)
Scrolls
 f - 5 scrolls of amnesia {unknown}
 g - 5 scrolls of immolation {unknown}
 k - a scroll of fear {unknown}
 l - 5 scrolls of teleportation {unknown}
 m - 4 scrolls of blinking {unknown}
 n - 5 scrolls of remove curse {unknown}
 o - 6 scrolls of identify {unknown}
 p - a scroll of random uselessness {unknown}
 v - a scroll of noise {unknown}
Potions
 c - 2 potions of agility {unknown}
 d - 2 potions of mutation {unknown}
 i - 4 potions of flight {unknown}
 j - 3 potions of might {unknown}
 q - a potion of lignification {unknown}
 r - a potion of cancellation {unknown}
 s - a potion of degeneration {unknown}
 t - a potion of brilliance {unknown}
Comestibles
 b - 15 rations {@e1}


   Skills:
 - Level 2.4 Fighting
 + Level 5.7 Dodging
 - Level 1.0 Stealth
 * Level 9.4 Unarmed Combat


You had 7 spell levels left.
You didn't know any spells.
Your spell library was empty.

Dungeon Overview and Level Annotations

Branches:
Dungeon (6/15)             Temple (1/1) D:6

Altars:
Ashenzari
Cheibriados
Dithmenos
Elyvilon
Gozag
Kikubaaqudgha
Makhleb
Nemelex Xobeh
Vehumet
Wu Jian
Xom
Yredelemnul
The Shining One

Annotations:
D:4 Sigmund
D:6 Dowan, Duvessa


Innate Abilities, Weirdness & Mutations

You are too large for most types of armour.
You have claws for hands.
Your metabolism is lightning-fast.
You like to eat raw meat.
Your natural rate of healing is unusually fast.
You are covered in fur. (AC +1)
You have very tough skin. (AC +2)


Message History

You barely miss the bullfrog zombie. The bullfrog zombie closely misses you.
You mangle the bullfrog zombie!! The bullfrog zombie closely misses you.
You claw the bullfrog zombie!
You destroy the bullfrog zombie!
The Council accepts your kill.
No target in view!
An ooze comes into view.
Health restored: 74 An ice beast comes into view.
The ooze quivers.
Duvessa, Sister of Dowan comes into view.
She is wielding a short sword of holy wrath.
Duvessa shouts!
Dowan, Brother of Duvessa comes into view.
He is wielding a dagger.
Dowan shouts!
You barely miss the ooze. The ooze barely misses you.
You claw the ooze!
You kill the ooze!
The Council accepts your kill.
Dowan casts a spell at something.
You scratch the ice beast but do no damage.
You claw the ice beast! The ice beast hits you. The ice beast freezes you!
You take 16 damage, and have 58/74 hp.
MASSIVE DAMAGE!!
You claw the ice beast!
An orc comes into view. It is wielding a flail.
The ice beast hits you. The ice beast freezes you!
You take 14 damage, and have 44/74 hp.
You barely miss the ice beast. The ice beast barely misses you.
The orc shouts!
You claw the ice beast!
You kill the ice beast!
The Council accepts your kill.
You scratch Duvessa but do no damage.
Duvessa hits you with a short sword of holy wrath.
You take 2 damage, and have 43/74 hp.
You completely miss Duvessa.
Duvessa hits you with a short sword of holy wrath.
You take 5 damage, and have 38/74 hp.
You closely miss Duvessa. Duvessa barely misses you.
Duvessa hits you with a short sword of holy wrath.
You take 5 damage, and have 33/74 hp.
You barely miss Duvessa. Your claw misses Duvessa.
Duvessa hits you with a short sword of holy wrath!
* * * LOW HITPOINT WARNING * * *
You take 11 damage, and have 22/74 hp.
You claw Duvessa!
Duvessa says, "When magic and the sword combine, nothing stands against them."
Duvessa closely misses you.
You scratch Duvessa.
Duvessa hits you with a short sword of holy wrath!
* * * LOW HITPOINT WARNING * * *
Dowan gestures wildly while chanting.
Dowan blinks!
Duvessa hits you but does no damage.
You take 6 damage, and have 16/74 hp.
You closely miss Duvessa. Your claw misses Duvessa.
Duvessa hits you with a short sword of holy wrath!
* * * LOW HITPOINT WARNING * * *
You take 8 damage, and have 8/74 hp.
You claw Duvessa!
Duvessa hits you with a short sword of holy wrath.
* * * LOW HITPOINT WARNING * * *
You take 5 damage, and have 3/74 hp.
You barely miss Duvessa.
Duvessa drinks a potion.
Duvessa is healed!
Dowan casts a spell.
Dowan blinks!
You feel better.
Duvessa hits you with a short sword of holy wrath.
* * * LOW HITPOINT WARNING * * *
Duvessa hits you with a short sword of holy wrath.
* * * LOW HITPOINT WARNING * * *
You regained 3 hp, and now have 6/74 hp.
You feel better. Duvessa misses you.
Dowan casts a spell.
Dowan blinks!
You regained 7 hp, and now have 13/74 hp.
You feel better.
Duvessa hits you with a short sword of holy wrath.
* * * LOW HITPOINT WARNING * * *
Duvessa closely misses you.
You regained 6 hp, and now have 19/74 hp.
Duvessa hits you but does no damage.
Duvessa hits you with a short sword of holy wrath.
* * * LOW HITPOINT WARNING * * *
You take 3 damage, and have 16/74 hp.
Duvessa hits you with a short sword of holy wrath.
* * * LOW HITPOINT WARNING * * *
You take 2 damage, and have 15/74 hp.
You scratch Duvessa but do no damage.
Duvessa hits you with a short sword of holy wrath!
* * * LOW HITPOINT WARNING * * *
You take 7 damage, and have 8/74 hp.
You barely miss Duvessa. You claw Duvessa.
Duvessa hits you with a short sword of holy wrath.
* * * LOW HITPOINT WARNING * * *
You take 5 damage, and have 3/74 hp.
You barely miss Duvessa. Your claw misses Duvessa.
Duvessa hits you with a short sword of holy wrath.
You die...

.......# #.# #..[......#
..###### #.. #.........#
.#[....# #.........#
.#.##..#### #.........#
.#.##.....# #.........#
.#.##..##.# #.........#
.#.##.....# #.........#
........############e########
##.###..........@eo..#
#...##.##############
###....# ######


You could see Duvessa, Dowan and an orc.

Vanquished Creatures
  Prince Ribbit (D:6)
  An ice beast (D:6)
  4 ogres
  A phantom (D:4)
  2 centaurs
  A scorpion (D:3)
  2 bullfrog zombies (D:6)
  2 crimson imps (D:5)
  A jelly (D:6)
  A bullfrog skeleton (D:4)
  An orc priest (D:3)
  4 orc wizards
  An iguana (D:6)
  3 worker ants
  Robin (D:4)
  4 adders
  5 oozes
  An adder skeleton (D:4)
  3 worms
  A dart slug (D:4)
  5 leopard geckos
  15 orcs
  5 bats
  4 giant cockroaches
  7 hobgoblins
  10 jackals
  3 quokkas
  6 frilled lizards
  24 goblins
  7 kobolds
  A quokka skeleton (D:6)
  10 rats
137 creatures vanquished.

Vanquished Creatures (others)
  8 fungi (D:4)
8 creatures vanquished.

Grand Total: 145 creatures vanquished

Notes
Turn   | Place    | Note
-------+----------+-------------------------------------------
     0 | D:1      | Firecrotchwizard the Troll Monk began the quest for the Orb.
     0 | D:1      | Reached XP level 1. HP: 22/22 MP: 0/0
   270 | D:1      | Reached XP level 2. HP: 29/29 MP: 1/1
  1040 | D:2      | Reached XP level 3. HP: 36/36 MP: 2/2
  1054 | D:2      | Reached skill level 4 in Unarmed Combat
  1246 | D:2      | Reached skill level 3 in Dodging
  1484 | D:3      | Noticed a scorpion
  1492 | D:3      | Killed a scorpion
  1492 | D:3      | Reached XP level 4. HP: 29/44 MP: 3/3
  1582 | D:3      | Noticed an ogre
  1588 | D:3      | Killed an ogre
  1588 | D:3      | Reached skill level 5 in Unarmed Combat
  1588 | D:3      | Reached XP level 5. HP: 50/50 MP: 4/4
  1811 | D:3      | Reached XP level 6. HP: 44/59 MP: 5/5
  1884 | D:3      | Reached skill level 6 in Unarmed Combat
  2419 | D:3      | You fall through a shaft for 2 floors!
  2419 | D:5      | Entered Level 5 of the Dungeon
  2475 | D:5      | Reached skill level 4 in Dodging
  3174 | D:4      | Reached XP level 7. HP: 66/66 MP: 6/6
  3231 | D:4      | Noticed Sigmund
  3276 | D:4      | Reached skill level 7 in Unarmed Combat
  3725 | D:4      | Noticed Robin
  3739 | D:4      | Killed Robin
  4091 | D:5      | Reached skill level 8 in Unarmed Combat
  4107 | D:5      | Reached skill level 5 in Dodging
  4408 | D:5      | Reached XP level 8. HP: 41/74 MP: 7/7
  4606 | D:6      | Found a staircase to the Ecumenical Temple.
  4615 | Temple   | Entered the Ecumenical Temple
  4703 | Temple   | Became a worshipper of the Wu Jian Council
  4703 | Temple   | Reached * piety under Wu Jian
  4703 | Temple   | Reached ** piety under Wu Jian
  4827 | D:6      | Noticed Prince Ribbit
  5287 | D:6      | Killed Prince Ribbit
  5287 | D:6      | Reached skill level 9 in Unarmed Combat
  5402 | D:6      | Noticed Duvessa
  5402 | D:6      | Noticed Dowan
  5417 | D:6      | HP: 16/74 [Duvessa/short sword of holy wrath (7)]
  5419 | D:6      | HP: 3/74 [Duvessa/short sword of holy wrath (6)]
  5424 | D:6      | HP: 16/74 [Duvessa/short sword of holy wrath (4)]
  5428 | D:6      | HP: 3/74 [Duvessa/short sword of holy wrath (6)]
  5429 | D:6      | Slain by Duvessa

Vault maps used:
D:1:      elethiomel_arrival_infinity_welcomes_careful_drivers, hex_large,
          serial_park_tiny_1
D:4:      serial_aquarium, aquarium_bridge_square, aquarium_window_1,
          aquarium_window_corner, aquarium_window_corner, aquarium_view_2g,
          aquarium_balcony_1b, uniq_robin, uniq_sigmund
D:5:      first_ration
D:6:      minmay_temple_entry_glassed_door, uniq_prince_ribbit1, uniq_duvessa
Temple:   regret_index_temple_mists

Skill      XL: |  1  2  3  4  5  6  7  8 |
---------------+-------------------------+-----
Unarmed Combat | 4 5 6 8 9 |  9.4
Dodging        | 3 4 5 |  5.7
Fighting       | |  2.4
Stealth        | |  1.0

Action                   |  1- 3 |  4- 6 |  7- 9 || total
-------------------------+-------+-------+-------++-------
Melee: Unarmed           |    93 |    89 |   179 ||   361
       Punch             |     2 |     1 |     7 ||    10
Invok: Wall Jump         |       |       |     4 ||     4
       Lunge             |       |       |     2 ||     2
       Whirlwind         |       |       |     1 ||     1
  Use: Potion            |       |       |     3 ||     3
 Stab: Sleeping          |     2 |     1 |     1 ||     4
  Eat: Chunk             |    19 |     8 |    26 ||    53
Armor: Robe              |    45 |    24 |    38 ||   107
Dodge: Dodged            |    61 |    39 |    80 ||   180

Table legend:
 A = Spawn XP
 B = Non-spawn XP
 C = Spawn XP percentage of total XP
 D = Spawn monster count
 E = Non-spawn monster count
 F = Spawn count percentage of total count
 G = Total turns spent on level
                    A         B        C        D         E        F      G
               +---------+---------+-------+---------+---------+-------+---------
         Total |       0 |    2233 |   0.0 |       0 |     137 |   0.0 |  5429
               +---------+---------+-------+---------+---------+-------+---------
           D:1 |       0 |      32 |   0.0 |       0 |      21 |   0.0 |   989
           D:2 |       0 |      64 |   0.0 |       0 |      24 |   0.0 |   488
           D:3 |       0 |     354 |   0.0 |       0 |      33 |   0.0 |  1219
           D:4 |       0 |     499 |   0.0 |       0 |      33 |   0.0 |   901
           D:5 |       0 |     577 |   0.0 |       0 |      14 |   0.0 |   976
           D:6 |       0 |     707 |   0.0 |       0 |      12 |   0.0 |   759
               +---------+---------+-------+---------+---------+-------+---------

Vault maps used:
D:1:      elethiomel_arrival_infinity_welcomes_careful_drivers, hex_large,
          serial_park_tiny_1
D:4:      serial_aquarium, aquarium_bridge_square, aquarium_window_1,
          aquarium_window_corner, aquarium_window_corner, aquarium_view_2g,
          aquarium_balcony_1b, uniq_robin, uniq_sigmund
D:5:      first_ration
D:6:      minmay_temple_entry_glassed_door, uniq_prince_ribbit1, uniq_duvessa
Temple:   regret_index_temple_mists

Table legend:
 A = Turns spent in this place as a percentage of turns spent in the entire game.
 B = Non-inter-level travel turns spent in this place as a percentage of non-inter-level travel turns spent in the entire game.
 C = Inter-level travel turns spent in this place as a percentage of turns spent in this place.
 D = Turns resting spent in this place as a percentage of non-inter-level travel turns spent in this place.
 E = Turns spent auto-exploring this place as a percentage of non-inter-level travel turns spent in this place.
 F = Non-inter-level travel turns spent in this place divided by the number of levels of this place that you've seen.
                   A       B       C       D       E      F
               +-------+-------+-------+-------+-------+----------------------
         Total | 100.0 | 100.0 |   5.8 |  13.2 |  67.9 | 730.4
       Dungeon |  98.2 |  98.3 |   5.8 |  13.4 |  67.7 | 837.3
        Temple |   1.8 |   1.7 |   8.2 |   0.0 |  80.9 |  89.0
               +-------+-------+-------+-------+-------+----------------------

Table legend:
 A = Kills in this place as a percentage of kills in entire the game.
 B = Kills by you in this place as a percentage of kills by you in the entire game.
 C = Kills by friends in this place as a percentage of kills by friends in the entire game.
 D = Other kills in this place as a percentage of other kills in the entire game.
 E = Experience gained in this place as a percentage of experience gained in the entire game.
 F = Experience gained in this place divided by the number of levels of this place that you have seen.
                   A       B       C       D       E      F
               +-------+-------+-------+-------+-------+----------------------
         Total | 100.0 | 100.0 |   N/A |   N/A | 100.0 | 319.0
       Dungeon | 100.0 | 100.0 |   N/A |   N/A | 100.0 | 372.2
               +-------+-------+-------+-------+-------+----------------------
